 Dungeon Crawl Stone Soup version 0.16-a0-3228-ge148b08 (webtiles) character file.

142 Miyamura the Insei (level 5, -1/28 HPs)
             Began as a Vine Stalker Monk on Dec 21, 2014.
             Slain by an orc
             ... wielding a +0 war axe
              (5 damage)
             ... on level 3 of the Dungeon.
             The game lasted 00:06:29 (1622 turns).

Miyamura the Insei (Vine Stalker Monk)              Turns: 1622, Time: 00:06:29

Health: -1/28      AC:  3    Str: 14    XL:     5   Next: 24%
Magic:  0/9        EV: 13    Int: 11    God:
Gold:   95         SH:  0    Dex: 16    Spells: 0 memorised, 7 levels left

rFire  . . .     SeeInvis .     f - +0 long sword
rCold  . . .     Clarity  .     d - +0 leather armour
rNeg   . . .     SustAb   .     (no shield)
rPois  .         Gourm    .     (no helmet)
rElec  .         Spirit   +     (no cloak)
rCorr  .         Warding  .     (no gloves)
rMut   .         Stasis   .     (no boots)
MR     .....                    (no amulet)
Stlth  ++........               (no ring)
                                (no ring)

@: not resistant to hostile enchantments, unstealthy
A: fangs 2, regeneration 1, magic shield, antimagic bite, no device heal 3, rot
immunity
a: no special abilities


You were on level 3 of the Dungeon.
You were hungry.

You visited 1 branch of the dungeon, and saw 3 of its levels.

You collected 95 gold pieces.

Inventory:

Hand weapons
 f - a +0 long sword (weapon)
Armour
 d - a +0 leather armour (worn)
Jewellery
 e - a cursed -3 ring of evasion {unknown}
Magical devices
 l - a wand of magic darts (11)
Scrolls
 h - 2 scrolls of amnesia {unknown}
Potions
 a - 2 potions of magic {unknown}
 i - a potion of restore abilities {unknown}
 m - a potion of poison {unknown}
Comestibles
 b - 3 bread rations
 c - a meat ration
 g - 4 chunks of flesh
 j - 2 beef jerkies
 k - 4 fruits


   Skills:
 + Level 3.4 Fighting
 + Level 0.6 Long Blades
 + Level 1.7 Armour
 + Level 2.8 Dodging
 + Level 3.3 Stealth
 - Level 4.1 Unarmed Combat
 + Level 1.5 Spellcasting


You had 7 spell levels left.
You didn't know any spells.

Dungeon Overview and Level Annotations

Branches:
Dungeon (3/15)

Altars:
Vehumet

Annotations:
D:2 Grinder


Innate Abilities, Weirdness & Mutations

You have extremely sharp teeth.
Your natural rate of healing is unusually fast.
When hurt, damage is shared between your health and your magic reserves.
Your bite disrupts and absorbs the magic of your enemies.
Potions and wands cannot restore your health.
You are immune to rotting.


Message History

You closely miss the quokka.
The quokka is moderately wounded.
The orc priest hits you but does no damage.
The jackal barely misses you.
The quokka bites you but does no damage.
The orc priest mumbles some strange prayers to Beogh against you.
Something smites you!
* * * LOW HITPOINT WARNING * * *
The goblin hits you.
* * * LOW HITPOINT WARNING * * *
The jackal bites you but does no damage.
The quokka misses you. The goblin hits you.
* * * LOW HITPOINT WARNING * * *
The orc priest mumbles some strange prayers to Beogh against you.
Pain shoots through your body!
* * * LOW HITPOINT WARNING * * *
The quokka barely misses you. The orc hits you with a war axe!
You die...

......## #.# .h. #..#.##
#.# . #.##.###### #.#
#.........# #.# .....####.#
#.# .....†.(..# #.#
.....###### ####.#####.#
##...# ########.o.....$..#
##.#............@rgh......#
.......#.######.#o........#
.......# . #.###.....###
#########.## #.# ###...#
........#..# #.# >###
##.####.##.# #.# .#
#.#.)#.##.# #.# .#
#.#..#.##.####.#
##.#'##.##.##<..#


You could see an orc priest, an orc, a quokka, a jackal and a goblin.

Vanquished Creatures
  An orc wizard (D:3)
  Robin (D:2)
  4 adders
  2 worms
  An ooze (D:1)
  3 orcs (D:3)
  3 giant cockroaches
  18 goblins
  5 hobgoblins (D:2)
  3 jackals (D:1)
  4 kobolds
  A ball python (D:1)
  5 bats
  2 giant newts
  2 quokkas
  5 rats
60 creatures vanquished.

Notes
Turn   | Place    | Note
--------------------------------------------------------------
     0 | D:1      | Miyamura, the Vine Stalker Monk, began the quest for the Orb.
     0 | D:1      | Reached XP level 1. HP: 11/11 MP: 1/1
    56 | D:1      | Reached XP level 2. HP: 14/16 MP: 3/3
   651 | D:2      | Reached skill level 1 in Spellcasting
   651 | D:2      | Reached XP level 3. HP: 15/20 MP: 2/5
   679 | D:2      | Reached skill level 1 in Armour
   786 | D:2      | Noticed Robin
   936 | D:2      | Reached XP level 4. HP: 24/24 MP: 6/6
  1064 | D:2      | Killed Robin
  1225 | D:3      | Noticed Grinder
  1436 | D:3      | Reached XP level 5. HP: 15/28 MP: 7/9
  1588 | D:3      | Found a radiant altar of Vehumet.
  1622 | D:3      | Slain by an orc

Action                   |  1- 3 |  4- 6 || total
-------------------------+-------+-------++-------
Melee: Unarmed           |   117 |    46 ||   163
       Long sword        |       |    32 ||    32
 Stab: Sleeping          |     3 |     1 ||     4
  Eat: Chunk             |       |     2 ||     2
